 Dungeon Crawl Stone Soup version 0.32-a0-391-gce5c0aab1b (webtiles) character file.

Game seed: 10799483199311318689

5195 Monkooky the Basher (level 10, -2/95 HPs)
             Began as a Mountain Dwarf Fighter on Feb 19, 2024.
             Was a Believer of Nemelex Xobeh.
             Incinerated by a smoke demon (9 damage)
             ... with a pyre arrow
             ... on level 8 of the Dungeon.
             The game lasted 00:15:10 (8174 turns).

Monkooky the Basher (Mountain Dwarf Fighter)        Turns: 8174, Time: 00:15:10

Health: -2/95      AC: 10    Str: 22    XL:     10   Next: 34%
Magic:  14/15      EV: 15    Int: 10    God:    Nemelex Xobeh [**....]
Gold:   274        SH:  9    Dex:  9    Spells: 9/9 levels left

rFire   . . .        A - +0 morningstar
rCold   . . .        c - +0 buckler
rNeg    + . .        u - +3 leather armour
rPois   .            J - +2 hat
rElec   .            (no cloak)
rCorr   .            I - +1 pair of gloves
SInv    .            (no boots)
Will    +....        s - amulet of reflection
Stlth   +            t - +5 ring of evasion
HPRegen 0.35/turn    K - ring of positive energy
MPRegen 0.14/turn

%: reflection
@: on fire, glowing
A: runic magic, artefact enchanting
a: Renounce Religion, Draw Escape, Draw Destruction, Draw Summoning


You were on level 8 of the Dungeon.
You worshipped Nemelex Xobeh.
Nemelex Xobeh was pleased with you.
You visited 2 branches of the dungeon, and saw 9 of its levels.

You collected 274 gold pieces.

Inventory:

Hand Weapons
 a - a +0 war axe
 k - a +0 flail
 A - a +0 morningstar (weapon)
Missiles
 v - 27 poisoned darts (quivered)
 C - 6 curare-tipped darts
Armour
 b - a +0 scale mail
 c - a +0 buckler (worn)
 j - a +0 chain mail
 m - a +0 kite shield
 r - a +0 helmet
 u - a +3 leather armour (worn)
 I - a +1 pair of gloves (worn)
 J - a +2 hat (worn)
Jewellery
 s - an amulet of reflection (around neck)
 t - a +5 ring of evasion (left hand)
 w - a ring of fire
 K - a ring of positive energy (right hand)
 M - an amulet of magic regeneration
 P - a ring of positive energy
Wands
 y - a wand of charming (5)
 L - a wand of mindburst (13)
 N - a wand of flame (14)
Scrolls
 e - 3 scrolls of teleportation
 f - 2 scrolls of blinking
 i - a scroll of amnesia
 l - a scroll of poison
 o - a scroll of revelation
 p - a scroll of fear {unknown}
 q - a scroll of vulnerability {unknown}
 B - a scroll of fog {unknown}
 R - a scroll of torment {unknown}
Potions
 d - 4 potions of might
 g - a potion of attraction
 h - 2 potions of mutation
 x - a potion of haste
 z - a potion of lignification
 D - a potion of magic
 E - a potion of resistance {unknown}
 G - a potion of berserk rage {unknown}
 H - a potion of enlightenment {unknown}
 O - a potion of heal wounds {unknown}
 Q - 2 potions of brilliance {unknown}


   Skills:
 - Level 11.1 Fighting
 - Level 2.7(8.2) Axes
 - Level 12.0(12.1) Maces & Flails
 - Level 3.4 Armour
 - Level 3.4 Shields
 + Level 7.8 Invocations


You had 9 spell levels left.
You didn't know any spells.
Your spell library contained the following spells:

 Spells                   Type           Power      Damage    Failure   Level
 Gell's Gravitas          Tloc           0%         N/A       82%         3
 Teleport Other           Tloc           0%         N/A       82%         3
 Tukima's Dance           Hex            0%         N/A       82%         3
 Passage of Golubria      Tloc           0%         N/A       99%         4
 Yara's Violent Unravell  Hex/Alch       0%         3d3       100%        5
 Dispersal                Tloc           0%         N/A       100%        6


Dungeon Overview and Level Annotations

Branches:
Dungeon (8/15)             Temple (1/1) D:5
   Lair: D:8-11

Altars:
Ashenzari
Cheibriados
Dithmenos
Elyvilon
Fedhas
Gozag
Hepliaklqana
Kikubaaqudgha
Makhleb
Nemelex Xobeh
Okawaru
Qazlal
Ru
Sif Muna
Trog
Uskayaw
Vehumet
Wu Jian
Xom
Yredelemnul
Zin
The Shining One

Shops:
D:1 (   D:5 *

Annotations:
D:3 2 transporters, exclusion: downstairs, Sobieck's ghost, amateur CoGl


Innate Abilities, Weirdness & Mutations

Your spellcasting is much less encumbered by armour.
You can use scrolls of enchantment on lesser artefacts.


Message History

* * * LOW HITPOINT WARNING * * *
You are more poisoned.
The smoke demon hits you but does no damage.
The smoke demon barely misses you. You block the smoke demon's attack.
Unknown command.
Aiming: Corrosive Bolt
Press: ? - help, Shift-Dir - straight line, f/p - kobold demonologist
Aim: a kobold demonologist, wielding a +2 dagger of venom and wearing a +0 robe (almost dead, covered in acid, 60% to hit)
The bolt of acid hits the kobold demonologist!
You kill the kobold demonologist!
The smoke demon disappears in a puff of smoke!
The rust devil disappears in a puff of smoke!
The bolt of acid hits the kobold brigand!!
The kobold brigand seems to be corroded for longer.
You kill the kobold brigand!
The bolt of acid hits the kobold brigand!!
You kill the kobold brigand!
The bolt of acid misses the kobold brigand.
The now-empty wand crumbles to dust.
The liquid fire burns you!
* * * LOW HITPOINT WARNING * * *
x2 You feel very sick.
The kobold brigand closely misses you.
The kobold brigand throws a poisoned dart.
You block the poisoned dart with an invisible shield... and reflect it back!
The poisoned dart hits the kobold brigand!
The kobold brigand is poisoned.
Your Invocations skill increases to level 7!
Unknown command.
You shake off some of the fire as you move.
The liquid fire burns you!
* * * LOW HITPOINT WARNING * * *
x2 You feel very sick.
The kobold brigand attacks as it pursues you!
You block the kobold brigand's attack.
Unknown command.
You feel better. The liquid fire burns you!
You die...
Your body disappears without additional glow.

.≈...##.#......#.##.#....# #)##.
..≈..##.########..#.#.##.# #.###
.....##.#......#..#...##.####.##.
..†..##.#......#..######...##.#..
#''####.#.§KKKK#..# ##.....#..
#.......#.KKKKK#..# #.....#..
#########


KKKKK##.# #.....#.. KKK##.# #...<)... #)#@§# ###.))... #.K.## #)#...# #####
#.#.... ##.#..#. #..#.... #..#.... #.##..#. #....... ######## You could see a
kobold brigand.

Vanquished Creatures
  A two-headed ogre (D:8)
  A kobold demonologist (D:8)
  Grinder (D:5)
  A wyvern (D:8)
  A wraith (D:8)
  Menkaure (D:7)
  An ice beast (D:8)
  An orc warrior (D:8)
  2 ogres
  4 centaurs
  4 phantoms
  3 kobold brigands (D:8)
  3 bullfrogs
  2 scorpions (D:5)
  4 howler monkeys
  2 bombardier beetles
  A gnoll bouda (D:5)
  2 hounds (D:5)
  A jelly (D:6)
  6 orc priests
  2 iguanas
  9 orc wizards
  6 gnolls
  8 adders
  2 white imps
  2 ufetubi (D:5)
  4 dart slugs
  2 ribbon worms
  20 orcs
  6 ball pythons
  4 bats
  7 endoplasms
  4 giant cockroaches
  3 goblins (D:1)
  2 hobgoblins (D:1)
  8 jackals
  3 quokkas
  6 kobolds
  4 rats (D:1)
144 creatures vanquished.

Vanquished Creatures (collateral kills)
  Erica (D:8)
  3 yaks (D:8)
  An orc priest (D:8)
  An orc wizard (D:8)
  4 orcs (D:8)
10 creatures vanquished.

Grand Total: 154 creatures vanquished

Notes
Turn   | Place    | Note
-------+----------+-------------------------------------------
     0 | D:1      | Monkooky the Mountain Dwarf Fighter began the quest for the
                  | Orb.
     0 | D:1      | Reached XP level 1. HP: 19/19 MP: 1/1
    82 | D:1      | Found Deodoj's Weapon Shoppe.
    92 | D:1      | Reached XP level 2. HP: 21/26 MP: 2/2
   138 | D:1      | Reached skill level 1 in Maces & Flails
   144 | D:1      | Reached skill level 2 in Maces & Flails
   204 | D:1      | Reached XP level 3. HP: 30/31 MP: 3/3
   596 | D:1      | Reached skill level 3 in Maces & Flails
   950 | D:1      | Reached XP level 4. HP: 38/38 MP: 4/4
   986 | D:1      | Reached skill level 4 in Maces & Flails
  2331 | D:3      | Found a transporter.
  2407 | D:3      | Noticed Sobieck's ghost (amateur CoGl)
  2408 | D:3      | Noticed a phantom
  2477 | D:3      | Found a transporter.
  2619 | D:3      | Reached skill level 5 in Maces & Flails
  2913 | D:4      | Reached XP level 5. HP: 45/45 MP: 5/5
  3044 | D:4      | Found a sparkling altar of Nemelex Xobeh.
  3068 | D:4      | Noticed a centaur
  3093 | D:4      | Killed a centaur
  3094 | D:4      | Reached skill level 6 in Maces & Flails
  3115 | D:4      | Noticed an ogre
  3357 | D:4      | Killed an ogre
  3358 | D:4      | Reached skill level 7 in Maces & Flails
  3358 | D:4      | Reached XP level 6. HP: 22/51 MP: 6/6
  3868 | D:5      | Entered Level 5 of the Dungeon
  3885 | D:5      | Reached skill level 8 in Maces & Flails
  3887 | D:5      | Reached XP level 7. HP: 36/57 MP: 7/7
  4053 | D:5      | Found a staircase to the Ecumenical Temple.
  4076 | D:5      | Reached skill level 9 in Maces & Flails
  4080 | Temple   | Entered the Ecumenical Temple
  4175 | Temple   | Became a worshipper of Elyvilon the Healer
  4220 | D:4      | Fell from the grace of Elyvilon
  4220 | D:4      | Became a worshipper of Nemelex Xobeh the Trickster
  4437 | D:5      | Reached skill level 10 in Maces & Flails
  4797 | D:5      | Reached XP level 8. HP: 30/63 MP: 8/8
  4943 | D:5      | Noticed Grinder
  4956 | D:5      | Paralysed by Grinder for 2 turns
  4973 | D:5      | Killed Grinder
  4974 | D:5      | Reached skill level 11 in Maces & Flails
  5221 | D:5      | Found Tiletesch's Elemental Accessories.
  5308 | D:6      | Reached skill level 12 in Maces & Flails
  5480 | D:6      | Reached skill level 5 in Fighting
  5617 | D:6      | Reached * piety under Nemelex Xobeh
  5777 | D:6      | Found a bloodstained altar of Trog.
  5783 | D:6      | Found an iron altar of Okawaru.
  5788 | D:6      | Found a glowing golden altar of the Shining One.
  6165 | D:6      | Reached XP level 9. HP: 57/79 MP: 9/9
  6443 | D:7      | Noticed Menkaure
  6460 | D:7      | Killed Menkaure
  6626 | D:7      | Received a gift from Nemelex Xobeh
  7211 | D:8      | Noticed Erica
  7218 | D:8      | Killed Erica
  7284 | D:8      | Reached skill level 10 in Fighting
  7317 | D:8      | Found an ancient bone altar of Kikubaaqudgha.
  7319 | D:8      | Found a shimmering blue altar of Sif Muna.
  7321 | D:8      | Found an opulent altar of Gozag.
  7326 | D:8      | Found an ornate altar of the Wu Jian Council.
  7384 | D:8      | Reached skill level 1 in Invocations
  7438 | D:8      | Reached ** piety under Nemelex Xobeh
  7601 | D:8      | Noticed a two-headed ogre
  7610 | D:8      | Killed a two-headed ogre
  7611 | D:8      | Reached skill level 5 in Invocations
  7611 | D:8      | Reached XP level 10. HP: 28/95 MP: 10/13
  7874 | D:8      | Identified the +2 trident "Mitsa" {holy, Dex+4}
  8152 | D:8      | Noticed a rust devil
  8162 | D:8      | Noticed a smoke demon
  8173 | D:8      | HP: 4/95 [burnt (9)]
  8173 | D:8      | HP: 1/95 [poisoned by a kobold demonologist]
  8174 | D:8      | Incinerated by a smoke demon

Illustrated notes

Levels and vault maps discovered:
D:1:      dpeg_arrival_rooms_c, layout_basic, serial_shops,
          nicolae_shop_crystal, serial_forest, infiniplex_forest_clump_curved,
          infiniplex_forest_end_3, infiniplex_forest_lined_3,
          infiniplex_forest_side_room, skrybe_limestone_x
D:2:      layout_basic, nicolae_elevator_lobby_plus
D:3:      layout_basic, gammafunk_ghost_mausoleum
D:4:      layout_basic, nemelex_dance_club_becter
D:5:      layout_basic, minmay_temple_entry_drinking_statues,
          nicolae_elemental_shop, uniq_grinder
D:6:      layout_basic, minmay_overflow_temple_star_quad, serial_rivers,
          chequers_serial_rivers_micro_a, chequers_serial_rivers_room_a,
          chequers_serial_rivers_large_a, chequers_serial_rivers_small_a,
          minmay_strange_pillars
D:7:      layout_basic, nicolae_zen_rock_garden, uniq_menkaure
D:8:      layout_basic, nicolae_overflow_macrodata_refinement, special_room
          [special_room_kobold], kennysheep_generic_room_12, uniq_erica
Temple:   nicolae_temple_superstar

Skill      XL: |  1  2  3  4  5  6  7  8  9 10 |
---------------+-------------------------------+-----
Maces & Flails | 2 3 5 7 8 10 12 | 12.0
Fighting       | 7 11 | 11.1
Invocations    | 5 7 |  7.8
Axes           | |  2.7
Armour         | |  3.4
Shields        | |  3.4

Action                     |  1- 3 |  4- 6 |  7- 9 | 10-12 || total
---------------------------+-------+-------+-------+-------++-------
  Melee: War axe           |    76 |     9 |       |       ||    85
         Flail             |       |   154 |    42 |       ||   196
         Morningstar       |       |       |   294 |    44 ||   338
  Throw: Dart              |       |     5 |     1 |       ||     6
 Invoke: Draw Destruction  |       |       |     3 |       ||     3
         Draw Summoning    |       |       |     1 |       ||     1
  Evoke: Wand              |       |       |     2 |     3 ||     5
    Use: Scroll            |       |     7 |     2 |     1 ||    10
         Potion            |       |       |     2 |     1 ||     3
 Armour: Scale mail        |    74 |    26 |       |       ||   100
         Chain mail        |       |    23 |       |       ||    23
         Leather armour    |       |    31 |   170 |    35 ||   236
  Dodge: Dodged            |    42 |    69 |   150 |    35 ||   296
  Block: Buckler           |    25 |    61 |   128 |    30 ||   244
         Reflection        |       |     2 |     6 |     1 ||     9

Table legend: (Time is in decaauts)
 A = Elapsed time spent in this place.
 B = Non-inter-level travel time spent in this place.
 C = Inter-level travel time spent in this place.
 D = Time resting spent in this place.
 E = Time spent auto-exploring this place.
 F = Levels seen in this place.
 G = Mean time per level.
                   A        B        C        D        E       F      G
               +--------+--------+--------+--------+--------+-----+--------+
         Total |   8227 |   7668 |    559 |    504 |   5792 |   9 |  914.1 |
       Dungeon |   8118 |   7581 |    537 |    420 |   5792 |   8 | 1014.8 |
        Temple |    109 |     87 |     22 |     84 |      0 |   1 |  109.0 |
               +--------+--------+--------+--------+--------+-----+--------+

Top non-repeatable levels by time:
     D:1: 1406 daAuts
     D:5: 1361 daAuts
     D:6: 1054 daAuts
     D:2: 1015 daAuts
     D:8: 961 daAuts
     D:4: 808 daAuts
     D:7: 789 daAuts
     D:3: 720 daAuts
  Temple: 109 daAuts
